 Dungeon Crawl Stone Soup version 0.28.0-61-g67df4f89a8 (webtiles) character file.

Game seed: 12895259429279342968

59 NotaViper the Skirmisher (level 3, 0/43 HPs)
             Began as a Demonspawn Berserker on Feb 14, 2023.
             Was a Believer of Trog.
             Slain by an orc
             ... wielding a +0 whip
              (5 damage)
             ... on level 3 of the Dungeon.
             The game lasted 00:07:05 (2454 turns).

NotaViper the Skirmisher (Demonspawn Berserker)     Turns: 2454, Time: 00:07:06

Health: 0/43       AC:  8    Str: 19    XL:     3   Next: 78%
Magic:  3/3        EV:  8    Int:  8    God:    Trog [**....]
Gold:   59         SH:  0    Dex: 16    Spells: 2/2 levels left

rFire   x . .      SeeInvis .   a - +0 falchion
rCold   . . .      Faith    .   (no shield)
rNeg    . . .      Spirit   .   l - +0 chain mail
rPois   +          Reflect  .   (no helmet)
rElec   .          Harm     .   (no cloak)
rCorr   .          Rampage  .   (no gloves)
Will    .....                   (no boots)
Stlth   ..........              (no amulet)
HPRegen 0.14/turn               i - ring "Pyuhanam" {Fly rPois rF- Dex+4 Stlth+}
MPRegen 0.08/turn               (no ring)

@: mighty, berserking, flying, very quick
A: foul stench 1
a: Renounce Religion, Berserk, Trog's Hand


You were on level 3 of the Dungeon.
You worshipped Trog.
Trog was pleased with you.
You visited 1 branch of the dungeon, and saw 3 of its levels.

You collected 59 gold pieces.

Inventory:

Hand Weapons
 a - a +0 falchion (weapon)
 f - a +0 dagger
 j - a +0 long sword
 p - a +0 hand axe
 q - a +0 falchion
Missiles
 c - 31 sling bullets
 g - 23 arrows
 n - 15 stones (quivered)
Armour
 b - a +0 animal skin
 e - a +0 ring mail
 l - a +0 chain mail (worn)
Jewellery
 i - the ring "Pyuhanam" (left hand) {Fly rPois rF- Dex+4 Stlth+}
   (You found it on level 2 of the Dungeon)

   [ring of flight]

   Dex:       It affects your dexterity (+4).
   rF:        It makes you vulnerable to fire.
   rPois:     It protects you from poison.
   Fly:       It grants you flight.
   Stlth:     It makes you more stealthy.
Scrolls
 d - a scroll of vulnerability {unknown}
 h - 2 scrolls of teleportation {unknown}
 m - a scroll of silence {unknown}
 o - a scroll of fog {unknown}


   Skills:
 + Level 3.4 Fighting
 + Level 3.4 Long Blades
 + Level 2.1 Armour
 + Level 2.2 Dodging
 + Level 0.5 Stealth


You had 2 spell levels left.
You didn't know any spells.
Your spell library contained the following spells:

 Spells                   Type           Power      Damage    Failure   Level
 Freeze                   Ice            0%         1d3       99%         1
 Magic Dart               Conj           0%         1d3       99%         1
 Call Imp                 Summ           0%         N/A       100%        2
 Frozen Ramparts          Ice            0%         1d2       100%        3
 Mephitic Cloud           Conj/Pois/Air  0%         N/A       100%        3
 Tukima's Dance           Hex            0%         N/A       100%        3
 Hailstorm                Conj/Ice       0%         3d3       100%        4
 Passage of Golubria      Tloc           0%         N/A       100%        4
 Yara's Violent Unravell  Hex/Tmut       0%         3d3       100%        5


Dungeon Overview and Level Annotations

Branches:
Dungeon (3/15)

Altars:
Uskayaw
Zin


Innate Abilities, Weirdness & Mutations

You may rarely emit foul miasma when damaged in melee.


Message History

Trog accepts your kill.
You barely miss the orc. The orc hits you but does no damage.
You hit the orc.
The orc is moderately wounded.
You hear some strange, mumbled words.
A puff of flame appears from out of thin air!
The puff of flame hits you! The fire burns you terribly!
You barely miss the orc.
The orc is moderately wounded.
The orc completely misses you.
You hear some strange, mumbled words.
You are confused.
You hit the orc but do no damage.
The orc is lightly wounded.
The orc hits you with a +0 whip.
You hear some strange, mumbled words.
A puff of flame appears from out of thin air!
The puff of flame misses you.
A magic dart appears from out of thin air!
The magic dart hits you!
* * * LOW HITPOINT WARNING * * *
You barely miss the orc.
The orc is lightly wounded.
The orc closely misses you. The orc barely misses you.
You closely miss something.
You feel less confused. The orc barely misses you. Something hits you.
* * * LOW HITPOINT WARNING * * *
You emit a cloud of foul miasma!
You barely miss something. The orc hits you but does no damage.
Something hits you but does no damage.
It was a potion of might.
You feel very mighty all of a sudden. The orc hits you with a +0 whip.
* * * LOW HITPOINT WARNING * * *
Something hits you but does no damage.
A red film seems to cover your vision as you go berserk!
You feel yourself moving faster!
You feel mighty! The orc hits you with a +0 whip.
You die...

............#....#
...................
#.......>..........
#.............###..
#.............##...
#........###.##.8..
#........# #.#.....
#........# #.# ⌠
#.##.@o.....###.#
#....{..........#
####........#####
#.#)##...#
#.#.##...#
#.#.##...#
#.#.##...#
..#.###### #.#


You could see an orc.

Vanquished Creatures
  An adder (D:3)
  A worm (D:2)
  2 dart slugs
  2 orcs (D:3)
  5 ball pythons
  3 endoplasms
  3 giant cockroaches
  2 goblins (D:2)
  4 hobgoblins
  5 kobolds
  4 bats
  3 frilled lizards
  3 rats
38 creatures vanquished.

Vanquished Creatures (others)
  4 plants (D:1)
4 creatures vanquished.

Grand Total: 42 creatures vanquished

Notes
Turn   | Place    | Note
-------+----------+-------------------------------------------
     0 | D:1      | NotaViper the Demonspawn Berserker began the quest for the
                  | Orb.
     0 | D:1      | Reached XP level 1. HP: 18/18 MP: 1/1
   370 | D:1      | Gained mutation: You may rarely emit foul miasma when
                  | damaged in melee. [demonic ancestry]
   370 | D:1      | Reached XP level 2. HP: 24/24 MP: 2/2
   658 | D:1      | Found a faded altar of an unknown god.
  1433 | D:2      | Identified the ring "Pyuhanam" {Fly rPois rF- Dex+4 Stlth+}
  1738 | D:2      | Reached ** piety under Trog
  1739 | D:2      | Reached XP level 3. HP: 29/29 MP: 3/3
  2239 | D:3      | Found a hide-covered altar of Uskayaw.
  2454 | D:3      | Slain by an orc

Illustrated notes

Levels and vault maps discovered:
D:1:      minmay_arrival_radiant_lines, layout_loops_ring,
          shapermc_ecumenical_altar_petra
D:2:      wad_crossroads, layout_loops_corners
D:3:      layout_basic, nicolae_overflow_crystal_walls,
          nicolae_qazlal_style_of_elements, mainiacjoe_overflow_cross_hatched,
          serial_shops, nicolae_shop_hallway_plus, solitary_fountain,
          wad_floor_pattern_untrapped, minmay_strange_pillars,
          kennysheep_generic_room_6

Skill      XL: |  1  2 |
---------------+-------+-----
Long Blades    | 3 |  3.4
Dodging        | 2 |  2.2
Armour         | 2 |  2.1
Fighting       | |  3.4
Stealth        | |  0.5

Action                   || total
-------------------------++-------
Melee: Falchion          ||   131
       Punch             ||     2
Invok: Berserk           ||     1
  Use: Potion            ||     1
 Stab: Sleeping          ||     1
Armor: Animal skin       ||    12
       Ring mail         ||    12
       Chain mail        ||    21
Dodge: Dodged            ||    57
